 Dungeon Crawl Stone Soup version 0.31-a0-876-gfe8ebadbca (webtiles) character file.

Game seed: 14015866451602192717

114 kae the Changeling (level 4, -2/34 HPs)
             Began as a Demigod Shapeshifter on Oct 13, 2023.
             Slain by a gnoll
             ... wielding a +1 whip of freezing
             ... led by a gnoll bouda
              (5 damage)
             ... on level 6 of the Dungeon.
             The game lasted 00:02:37 (2338 turns).

kae the Changeling (Demigod Shapeshifter)           Turns: 2338, Time: 00:02:37

Health: -2/34      AC:  3    Str: 21    XL:     4   Next: 40%
Magic:  6/6        EV: 12    Int: 12    God:
Gold:   162        SH:  0    Dex: 17    Spells: 3/3 levels left

rFire   . .          .
                       - Unarmed
rCold   . . .        (no shield)
rNeg    . . .        a - +1 animal skin
rPois   .            (helmet currently unavailable)
rElec   .            (cloak currently unavailable)
rCorr   .            (gloves currently unavailable)
SInv    .            (boots currently unavailable)
Will    .....        (no amulet)
Stlth   ++           S - +6 ring of strength
HPRegen 0.25/turn    (no ring)
MPRegen 0.10/turn

%: no passive effects
@: beast-form
A: beast (slay +2), high MP 1, forlorn, divine attributes
a: Begin Untransformation


You were on level 6 of the Dungeon.
You were a hulking beast.
You visited 1 branch of the dungeon, and saw 4 of its levels.

You collected 162 gold pieces.


Innate Abilities, Weirdness & Mutations

You are a hulking beast.
Your limbs bulge with bestial killing power. (Slay +2)
You have an increased reservoir of magic. (+10% MP)
You shall have no god before yourself.
Your divine heritage dramatically boosts your attributes as you level up.


   Skills:
 - Level 0.8 Fighting
 - Level 1.7 Dodging
 - Level 2.6 Unarmed Combat
 + Level 4.7 Shapeshifting


You had 3 spell levels left.
You didn't know any spells.
Your spell library contained the following spells:

 Spells                   Type           Power      Damage    Failure   Level
 Hailstorm                Conj/Ice       0%         3d3       69%         3
 Summon Ice Beast         Ice/Summ       0%         N/A       97%         4
 Simulacrum               Ice/Necr       0%         N/A       100%        6

Inventory:

Missiles
 g - 40 stones
 h - 5 poisoned darts
Armour
 a - a +1 animal skin (worn)
 l - a +0 helmet
   (You found it on level 1 of the Dungeon)
Jewellery
 C - a ring of protection from cold
   (You found it on level 3 of the Dungeon)
 S - a +6 ring of strength (left hand)
   (You found it on level 1 of the Dungeon)
Talismans
 c - a beast talisman (active)
 d - a flux talisman
Scrolls
 e - 2 scrolls of fear
 f - 2 scrolls of identify {@r1}
 m - a scroll of immolation {!r!r}
Potions
 b - 3 potions of lignification {!q}
 i - a potion of degeneration {!q}
 j - a potion of haste {@q3}
 k - a potion of attraction {!q}

Dungeon Overview and Level Annotations

Branches:
Dungeon (6/15) Zot: 21624
 Temple: D:4-7

Shops:
D:3 *

Annotations:
D:6 exclusion: sky beast

....§.....
..≈§≈≈§≈≈..#
..≈§≈≈≈≈≈..#
...§...≈≈..#
..§...§§§..#
.§≈≈§..≈§..#
..).§..≈≈..#
.._.§..≈≈..##########
....§..........gh...#
............#######.#
##...#......# ...
.........#### #.#.#
........## ....#
.......## #.#.#
.......# .....
........ #.#h.#
.........


You could see a gnoll.


Message History

As you read the scroll labelled UXTUDO NAGUE, it crumbles to dust.
Magic quickly surges around you.
It was a scroll of vulnerability.
Unknown command.
As you read the scroll of identify {@r1}, it crumbles to dust.
j - a potion of haste A frilled lizard comes into view.
A frilled lizard is nearby!
A frilled lizard is nearby!
A frilled lizard is nearby!
The frilled lizard hisses angrily.
You hit the frilled lizard.
You kill the frilled lizard!
No target in view!
No target in view!
No target in view!
No target in view!
m - a scroll labelled SEOSME TYNECYBLY Key pressed, stopping explore.
No target in view!
No target in view!
Things that are here:
a +0 club; an orc corpse You open the door.
An endoplasm comes into view.
The endoplasm moves out of view.
Found a faded altar of an unknown god.
No target in view!
No target in view!
There is an open door here.
An endoplasm is nearby!
An endoplasm is nearby!
The endoplasm quivers.
You punch the endoplasm!
You kill the endoplasm!
No target in view!
No target in view!
No target in view!
There is an open door here.
You feel your willpower return.
Found a stone staircase leading up.
A malevolent force fills the Dungeon...
You fall into a shaft and drop 3 floors!
The shaft crumbles and collapses.
Found 12 gold pieces and a falchion.
Found an iron altar of Okawaru.
As you read the scroll of identify {@r1}, it crumbles to dust.
m - a scroll of immolation You now have 162 gold pieces (gained 12).
A sky beast comes into view.
There is an iron altar of Okawaru here.
Press: ? - help, v - describe, . - travel
Here: a sky beast (asleep)
The floor.
Placed new exclusion. 2 gnolls come into view.
A gnoll is wielding a +1 whip of freezing.
The gnoll shouts!
You hear a shout! x2
There are monsters nearby!
There are monsters nearby!
A black bear comes into view.
The gnoll closely misses you.
The gnoll hits you with a +1 whip of freezing.
The gnoll freezes you. 😕 HP[-5]
You take 5 damage, and now have 29/34 hp.
You barely miss the gnoll. The gnoll barely misses you. 😕 HP[+1]
You hit the gnoll but do no damage.
The gnoll hits you with a +1 whip of freezing.
The gnoll freezes you. 😮 HP[-8]
You take 8 damage, and now have 22/34 hp.
MASSIVE DAMAGE!! (PAUSE)
You hit the gnoll.
The gnoll hits you with a +1 whip of freezing.
The gnoll freezes you. 😮 HP[-4]
You take 4 damage, and now have 18/34 hp.
You closely miss the gnoll.
The gnoll hits you with a +1 whip of freezing.
* * * LOW HITPOINT WARNING * * *
The gnoll freezes you.
* * * LOW HITPOINT WARNING * * *
😨 HP[-8]
You take 8 damage, and now have 10/34 hp.
MASSIVE DAMAGE!! (PAUSE)
You hit the gnoll but do no damage.
The gnoll hits you with a +1 whip of freezing.
* * * LOW HITPOINT WARNING * * *
The gnoll freezes you.
* * * LOW HITPOINT WARNING * * *
😱 HP[-7]
You take 7 damage, and now have 3/34 hp.
MASSIVE DAMAGE!! (PAUSE)
You hit the gnoll. The gnoll barely misses you.
Okay, then.
You hit the gnoll. The gnoll completely misses you.
Unknown command.
You hit the gnoll.
The gnoll hits you with a +1 whip of freezing.
You die...

Skill      XL: |  1  2  3 |
---------------+----------+-----
Shapeshifting  | 3 4 |  4.7
Fighting       | |  0.8
Dodging        | |  1.7
Unarmed Combat | |  2.6

Action                     |  1- 3 |  4- 6 || total
---------------------------+-------+-------++-------
  Melee: Unarmed           |   135 |    21 ||   156
         Punch             |     2 |       ||     2
    Use: Scroll            |     6 |     3 ||     9
         Potion            |       |     1 ||     1
   Stab: Sleeping          |     2 |       ||     2
 Armour: Animal skin       |    60 |     8 ||    68
  Dodge: Dodged            |    75 |     8 ||    83

Levels and vault maps discovered:
D:1:      lightli_arrival_farm, layout_basic, glass_columns_a
D:2:      layout_rooms
D:3:      layout_basic, kennysheep_slug_shrine, serial_shops, shop,
          dreamdust_ecumenical_altar_angels_and_demons
D:6:      layout_cave_pools, mainiacjoe_overflow_chevrons,
          mainiacjoe_overflow_alcove_3, serial_glass, glass_columns_b,
          glass_columns_a, item_on_display_a, due_unseen_surprise,
          item_on_display_a, hellmonk_no_cap, uniq_menkaure

Notes
Turn   | Place    | Note
-------+----------+-------------------------------------------
     0 | D:1      | kae the Demigod Shapeshifter began the quest for the Orb.
     0 | D:1      | Reached XP level 1. HP: 15/15 MP: 3/3
     0 | D:1      | magus.rc [v1.11.3]
   202 | D:1      | Reached skill level 3 in Shapeshifting
   339 | D:1      | Reached XP level 2. HP: 20/22 MP: 4/4
   990 | D:2      | HP: 4/22 [poisoned by an adder]
   991 | D:2      | Reached XP level 3. HP: 5/27 MP: 5/5
   995 | D:2      | HP: 2/27 [poisoned by an adder]
  1178 | D:2      | You pick up a book of the Tundra and begin reading...
  1178 | D:2      | You add the spells Hailstorm, Summon Ice Beast and
                  | Simulacrum to your library.
  1208 | D:2      | Reached skill level 4 in Shapeshifting
  1996 | D:3      | Reached XP level 4. HP: 14/34 MP: 6/6
  2182 | D:3      | Found Purugg's General Store.
  2299 | D:3      | You fall into a shaft and drop 3 floors!
  2307 | D:6      | Noticed a sky beast
  2326 | D:6      | Noticed a black bear
  2335 | D:6      | HP: 5/34 [gnoll/+1 whip of freezing[a gnoll bouda] (6)]
  2338 | D:6      | Slain by a gnoll

Vanquished Creatures
  An orc wizard (D:3)
  3 adders
  3 dart slugs
  5 orcs (D:3)
  2 bats
  4 endoplasms
  2 giant cockroaches
  4 goblins
  5 hobgoblins
  2 jackals (D:1)
  6 kobolds
  2 quokkas
  4 ball pythons
  4 frilled lizards
  3 rats
50 creatures vanquished.

Table legend:
 A = Non-vault XP
 B = Vault XP
 C = Vault XP percentage of total XP
 D = Non-vault monster count
 E = Vault monster count
 F = Vault count percentage of total count
                 A         B        C        D         E       F
            +---------+---------+-------+---------+---------+-------
      Total |     159 |       4 |   2.5 |      49 |       1 |   2.0
            +---------+---------+-------+---------+---------+-------
        D:1 |      42 |       0 |   0.0 |      16 |       0 |   0.0
        D:2 |      41 |       0 |   0.0 |      17 |       0 |   0.0
        D:3 |      76 |       4 |   5.0 |      16 |       1 |   5.9
            +---------+---------+-------+---------+---------+-------

Skill      XL: |  1  2  3 |
---------------+----------+-----
Shapeshifting  | 3 4 |  4.7
Fighting       | |  0.8
Dodging        | |  1.7
Unarmed Combat | |  2.6

Action                     |  1- 3 |  4- 6 || total
---------------------------+-------+-------++-------
  Melee: Unarmed           |   135 |    21 ||   156
         Punch             |     2 |       ||     2
    Use: Scroll            |     6 |     3 ||     9
         Potion            |       |     1 ||     1
   Stab: Sleeping          |     2 |       ||     2
 Armour: Animal skin       |    60 |     8 ||    68
  Dodge: Dodged            |    75 |     8 ||    83

Illustrated notes

Table legend:
 A = Kills in this place as a percentage of kills in the entire game.
 B = Kills by you in this place as a percentage of kills by you in the entire game.
 C = Kills by friends in this place as a percentage of kills by friends in the entire game.
 D = Other kills in this place as a percentage of other kills in the entire game.
 E = Experience gained in this place as a percentage of experience gained in the entire game.
 F = Experience gained in this place divided by the number of levels of this place that you have seen.
                   A       B       C       D       E      F
               +-------+-------+-------+-------+-------+----------------------
         Total | 100.0 | 100.0 |   N/A |   N/A | 100.0 |  40.8
       Dungeon | 100.0 | 100.0 |   N/A |   N/A | 100.0 |  40.8
               +-------+-------+-------+-------+-------+----------------------

Table legend: (Time is in decaauts)
 A = Elapsed time spent in this place.
 B = Non-inter-level travel time spent in this place.
 C = Inter-level travel time spent in this place.
 D = Time resting spent in this place.
 E = Time spent auto-exploring this place.
 F = Levels seen in this place.
 G = Mean time per level.
                   A        B        C        D        E       F      G
               +--------+--------+--------+--------+--------+-----+--------+
         Total |   2374 |   2279 |     95 |    345 |   1529 |   4 |  593.5 |
       Dungeon |   2374 |   2279 |     95 |    345 |   1529 |   4 |  593.5 |
               +--------+--------+--------+--------+--------+-----+--------+

Top non-repeatable levels by time:
     D:1: 883 daAuts
     D:3: 833 daAuts
     D:2: 619 daAuts
     D:6: 38 daAuts
